AoeStats
← HAMADY

Arena

507193911Analyzed
4v4 RM · 15d ago on Sep 17, 2026· 36m 1s· 8 players
Game mode
Random Map
Map size
Large (8 player)
Population
200
Speed
Normal
Resources
Standard
Victory
Conquest
Starting age
Dark Age
Ending age
Imperial Age
RankedLock teamsTeams togetherTeam positionsShared explorationLock speedFull tech treeHidden civsTurbo modeCheats
Victory
Defeat
🇨🇳 Poles · China
1348
+14
🇨🇳 Persians · China
1310
+16
🇯🇵 Britons · Japan
1302
+16
🇻🇳 Koreans · Vietnam
1302
+16
🇵🇦 Koreans · Panama
1346
-16
🇺🇸 Byzantines · United States
1321
-16
🇨🇴 Celts · Colombia
1289
-15
🇨🇴 Bengalis · Colombia
1280
-15
HAMADY
10:50 Feudal Age
13:05 Fletching
17:19 Castle Age
19:19 Loom
肥肥猫
11:29 Feudal Age
15:06 Castle Age
13:28 Double-Bit Axe
14:01 Horse Collar
17:37 Bow Saw
19:32 Heavy Plow
20:51 Scale Barding Armor
22:36 Bloodlines
23:26 Wheelbarrow
22:36 Loom
23:09 Forging
25:35 Chain Barding Armor
26:45 Husbandry
31:08 Imperial Age
29:28 Szlachta Privileges
29:18 Gold Mining
29:19 Stone Mining
30:16 Hand Cart
31:52 Stone Shaft Mining
31:13 Cavalier
32:31 Iron Casting
32:20 Conscription
33:08 Crop Rotation
360
11:06 Feudal Age
12:46 Horse Collar
12:54 Double-Bit Axe
15:37 Castle Age
20:31 Scale Barding Armor
24:06 Chain Barding Armor
27:05 Bloodlines
26:56 Husbandry
30:43 Husbandry
31:38 Loom
32:31 Wheelbarrow
32:20 Gold Mining
35:03 Imperial Age
32:59 Bow Saw
32:51 Heavy Plow
33:57 Hand Cart
33:39 Stone Mining
34:04 Forging
34:38 Gold Shaft Mining
34:44 Cavalier
36:01 Plate Barding Armor
36:02 Iron Casting
VN_BILL
10:42 Feudal Age
15:01 Castle Age
14:20 Loom
14:21 Double-Bit Axe
14:56 Fletching
16:04 Bow Saw
21:05 Bodkin Arrow
25:14 Eupseong
28:04 Town Watch
30:25 Wheelbarrow
32:22 Hand Cart
Murtcu
10:28 Feudal Age
14:38 Castle Age
12:42 Double-Bit Axe
13:02 Horse Collar
16:12 Loom
20:21 Heavy Plow
20:39 Bow Saw
27:52 Imperial Age
25:19 Pikeman
26:00 Squires
25:46 Gambesons
26:07 Scale Mail Armor
26:17 Forging
26:06 Gold Mining
27:32 Chain Mail Armor
29:20 Plate Mail Armor
29:26 Iron Casting
30:08 Iron Casting
30:23 Halberdier
32:05 Wheelbarrow
32:51 Conscription
PrimordiaL_
10:47 Feudal Age
12:45 Loom
15:10 Castle Age
13:25 Horse Collar
14:15 Double-Bit Axe
26:04 Town Watch
27:25 Husbandry
ACI ShaN
10:16 Feudal Age
14:08 Castle Age
12:59 Double-Bit Axe
13:45 Horse Collar
15:08 Loom
15:37 Bow Saw
19:47 Man-at-Arms
26:03 Pikeman
32:02 Scale Mail Armor
32:57 Gambesons
35:43 Chain Mail Armor
iphonze
6:59 Loom
9:28 Feudal Age
10:06 Double-Bit Axe
13:25 Fletching
23:59 Castle Age
24:59 Bodkin Arrow
25:31 Bow Saw
27:54 Murder Holes
28:33 Forging
33:33 Imperial Age
31:54 Ballistics
Connection lost

Rejoining the realm…

Still unreachable

The connection could not be restored.

Session expired

The server has moved on; the page needs a fresh start.